 Dungeon Crawl Stone Soup version 0.28.0-1-gb440e238dd (webtiles) character file.

Game seed: 2152053418633536589

185 Hasart the Skirmisher (level 5, -1/43 HPs)
             Began as a Barachi Berserker on Feb 21, 2022.
             Was a Believer of Trog.
             Slain by an orc wizard (4 damage)
             ... on level 3 of the Dungeon.
             The game lasted 00:04:49 (2830 turns).

Hasart the Skirmisher (Barachi Berserker)           Turns: 2830, Time: 00:04:49

Health: -1/43      AC:  7    Str: 20    XL:     5   Next: 64%
Magic:  5/5        EV: 11    Int:  8    God:    Trog [**....]
Gold:   149        SH:  0    Dex: 11    Spells: 4/4 levels left

rFire   . . .      SeeInvis .   a - +0 falchion
rCold   . . .      Faith    .   (no shield)
rNeg    . . .      Spirit   .   i - +0 ring mail
rPois   .          Reflect  .   (no helmet)
rElec   .          Harm     .   (no cloak)
rCorr   .          Rampage  .   g - +0 pair of gloves
Will    .....                   (no boots)
Stlth   +.........              (no amulet)
HPRegen 0.14/turn               (no ring)
MPRegen 0.09/turn               (no ring)

@: slow
A: amphibious, slowness 1, strong legs 1, +LOS
a: Hop, Renounce Religion, Berserk, Trog's Hand


You were on level 3 of the Dungeon.
You worshipped Trog.
Trog was pleased with you.
You visited 1 branch of the dungeon, and saw 3 of its levels.

You collected 149 gold pieces.

Inventory:

Hand Weapons
 a - a +0 falchion (weapon)
Missiles
 n - 5 javelins (quivered)
Armour
 g - a +0 pair of gloves (worn)
 i - a +0 ring mail (worn)
Jewellery
 b - a +6 ring of strength
Scrolls
 c - a scroll of identify {unknown}
 d - 2 scrolls of fear {unknown}
 e - a scroll of immolation {unknown}
 j - a scroll of blinking {unknown}
 k - a scroll of torment {unknown}
 l - a scroll of teleportation {unknown}
Potions
 f - 2 potions of berserk rage {unknown}
 h - 2 potions of curing {unknown}
 m - a potion of cancellation {unknown}


   Skills:
 + Level 4.8 Fighting
 + Level 4.7 Long Blades
 + Level 1.2 Throwing
 + Level 3.7 Armour
 + Level 3.5 Dodging


You had 4 spell levels left.
You didn't know any spells.
Your spell library was empty.

Dungeon Overview and Level Annotations

Branches:
Dungeon (3/15)

Altars:
Trog
Uskayaw

Shops:
D:2 (


Innate Abilities, Weirdness & Mutations

You are amphibious.
You cover ground slowly.
You can hop short distances.
You have an extended range of vision and can be seen from far away.


Message History

You kill the orc!
Trog accepts your kill. Something hits you but does no damage.
You feel less confused.
You closely miss something.
You hear some strange, mumbled words.
Something tries to affect you, but you resist.
You miss something. Something hits you but does no damage.
You closely miss something. Something hits you but does no damage.
You miss something. Something barely misses you.
You barely miss something. Something hits you but does no damage.
Something hits you.
You miss something. Something hits you.
You miss something. Something barely misses you.
You hit something. Something hits you.
You hit something but do no damage. Something hits you but does no damage.
You barely miss something. Something hits you but does no damage.
You closely miss something. Something hits you but does no damage.
You miss something. Something hits you.
You miss something. Something hits you but does no damage.
You miss something. Something hits you.
* * * LOW HITPOINT WARNING * * *
You completely miss something.
You hear some strange, mumbled words.
You are confused.
You closely miss something.
You hear some strange, mumbled words.
A puff of flame appears from out of thin air!
The puff of flame hits you!
* * * LOW HITPOINT WARNING * * *
You bump into the rock wall.
Something hits you but does no damage.
You closely miss something. Something hits you.
* * * LOW HITPOINT WARNING * * *
You bump into the rock wall.
Something completely misses you.
You bump into the rock wall.
Something hits you but does no damage.
You miss something. Something hits you but does no damage.
You hit something.
You feel less confused. Something hits you.
You die...

#..............#####
....................##
##........†.....###..#
#..............# ##.##
##...>........## #..##
##..........#######..##
..####................#
##.
#........########### #
#.#####....@#
#####{##### #))...#
#.###.# #.. ####


There were no monsters in sight!

Vanquished Creatures
  An ice beast (D:3)
  3 adders
  A worm (D:3)
  2 dart slugs (D:3)
  3 orcs (D:3)
  5 bats
  6 endoplasms
  A giant cockroach (D:1)
  6 goblins
  2 hobgoblins
  4 kobolds
  5 quokkas
  5 ball pythons
  5 frilled lizards
  7 rats
56 creatures vanquished.

Vanquished Creatures (others)
  A demonic plant (D:1)
  2 fungi (D:1)
3 creatures vanquished.

Grand Total: 59 creatures vanquished

Notes
Turn   | Place    | Note
-------+----------+-------------------------------------------
     0 | D:1      | Hasart the Barachi Berserker began the quest for the Orb.
     0 | D:1      | Reached XP level 1. HP: 18/18 MP: 1/1
   134 | D:1      | Reached XP level 2. HP: 18/25 MP: 2/2
   550 | D:1      | Found a faded altar of an unknown god.
   842 | D:1      | Reached XP level 3. HP: 21/30 MP: 3/3
  1756 | D:2      | Found Faonkicy's Antique Weapon Boutique.
  2011 | D:2      | Found a bloodstained altar of Trog.
  2467 | D:3      | Reached XP level 4. HP: 37/37 MP: 4/4
  2473 | D:3      | Found a hide-covered altar of Uskayaw.
  2515 | D:3      | Reached ** piety under Trog
  2683 | D:3      | Noticed an ice beast
  2693 | D:3      | Killed an ice beast
  2694 | D:3      | Reached skill level 1 in Throwing
  2694 | D:3      | Reached XP level 5. HP: 43/43 MP: 5/5
  2826 | D:3      | HP: 2/43 [something (4)]
  2830 | D:3      | Slain by an orc wizard

Illustrated notes

Levels and vault maps discovered:
D:1:      dpeg_arrival_pits, layout_loops_ring, shapermc_ecumenical_altar_gd,
          patterned_corridor
D:2:      layout_basic, basic_altar, serial_shops, nicolae_shop_stone
D:3:      layout_rooms, marbit_many_paths

Skill      XL: |  1  2  3  4 |
---------------+-------------+-----
Fighting       | 4 |  4.8
Long Blades    | 4 |  4.7
Armour         | 3 |  3.7
Dodging        | 3 |  3.5
Throwing       | 1 |  1.2

Action                   |  1- 3 |  4- 6 || total
-------------------------+-------+-------++-------
Melee: Falchion          |   132 |    69 ||   201
       Punch             |     2 |     1 ||     3
Throw: Javelin           |       |     3 ||     3
Invok: Berserk           |       |     1 ||     1
Armor: Animal skin       |    28 |       ||    28
       Ring mail         |    21 |    37 ||    58
Dodge: Dodged            |   109 |    29 ||   138
